 Dungeon Crawl Stone Soup version 0.29-a0-866-g0545e20025 (webtiles) character file.

Game seed: 11054804993718641470

70 101zpm the Magician (level 4, -1/31 HPs)
             Began as a Djinni Fire Elementalist on July 17, 2022.
             Slain by Sigmund
             ... wielding a +0 scythe
              (10 damage)
             ... on level 3 of the Dungeon.
             The game lasted 00:04:38 (3587 turns).

101zpm the Magician (Djinni Fire Elementalist)      Turns: 3587, Time: 00:04:39

Health: -1/31      AC:  2    Str:  7    XL:     4   Next: 45%
Gold:   102        EV: 12    Int: 18    God:
                   SH:  0    Dex: 14

rFire   + + .      SeeInvis .   (no weapon)
rCold   x . .      Faith    .   (no shield)
rNeg    . . .      Spirit   .   a - +0 robe
rPois   ∞          Reflect  .   (no helmet)
rElec   .          Harm     .   (no cloak)
rCorr   .          Rampage  .   (no gloves)
Will    .....                   (boots unavailable)
Stlth   +.........              (no amulet)
HPRegen 0.10/turn               (no ring)
MPRegen 0.00/turn               (no ring)

@: confused, flying
A: sickness immunity, fire resistance 2, cold vulnerability 1, float, innate
caster, HP casting, extra vitality 1
a: no special abilities


You were on level 3 of the Dungeon.
You visited 1 branch of the dungeon, and saw 3 of its levels.

You collected 102 gold pieces.

Inventory:

Armour
 a - a +0 robe (worn)
Wands
 h - a wand of flame (38)
Scrolls
 b - 2 scrolls of acquirement {unknown}
 d - a scroll of magic mapping {unknown}
 e - 2 scrolls of immolation {unknown}
 g - a scroll of teleportation {unknown}
 i - a scroll of fear {unknown}
 j - 4 scrolls of identify {unknown}
 k - a scroll of enchant armour {unknown}
Potions
 c - a potion of brilliance {unknown}
 f - a potion of curing {unknown}
 l - a potion of magic {unknown}
 m - a potion of resistance {unknown}


   Skills:
 + Level 2.4 Dodging
 + Level 2.0 Stealth
 + Level 3.6 Spellcasting


You couldn't memorise any spells.
You knew the following spells:

 Your Spells              Type           Power      Damage    Failure   Level
a - Foxfire               Conj/Fire      64%        2x1d7     3%          1
b - Scorch                Fire           32%        2d6       5%          2
c - Conjure Flame         Conj/Fire      16%        6-21      11%         3
d - Inner Flame           Hex/Fire       16%        N/A       11%         3
e - Flame Wave            Conj/Fire      16%        2d6       34%         4
f - Sandblast             Erth           32%        2d9       3%          1
Your spell library was empty.

Dungeon Overview and Level Annotations

Branches:
Dungeon (3/15)

Altars:

Annotations:
D:3 Sigmund


Innate Abilities, Weirdness & Mutations

You are immune to sickness and miasma.
You are immune to poison.
Your flesh is very heat resistant. (rF++)
You are vulnerable to cold. (rC-)
You float through the air rather than walking.
You learn spells naturally, not from books.
Your magical power is your life essence.
You have superior vitality. (+4 MHP)


Message History

Found 11 gold pieces.
Found a faded altar of an unknown god.
Sigmund is nearby!
Sigmund is nearby!
You miscast Foxfire.
You are very lightly contaminated with residual magic.
Nothing appears to happen.
Sigmund gestures wildly while chanting.
Sigmund flickers and vanishes!
Deactivating autopickup; reactivate with Ctrl-A.
You conjure some foxfire!
You conjure some foxfire!
The foxfire hits something. x2
The foxfire hits something. x2
Something hits you!
You conjure some foxfire!
Your magical contamination has completely faded away.
You conjure some foxfire!
The foxfire hits something but does no damage.
The foxfire hits something.
You hear some strange, mumbled words.
You are confused.
You're too confused to cast spells.
You're too confused to cast spells.
You're too confused to cast spells.
You're too confused to cast spells.
You bump into the stone wall.
The foxfire hits something. x2
Something hits you.
A puff of flame appears from out of thin air!
The puff of flame hits you. You resist.
You're too confused to cast spells.
You're too confused to cast spells.
You're too confused to cast spells.
You are more confused.
You bump into the rock wall.
You bump into the rock wall.
You bump into the rock wall.
Something hits you.
* * * LOW HITPOINT WARNING * * *
You bump into the rock wall.
You bump into the rock wall.
Something hits you!
You die...

#####.#
#...........
#.....##
####.#.####.
####.##...#
#..........
..<..†..#.#
#.....#####
###.........
#..8.## #
#..###.###.#
#...## # #..# .#
# #..### #..# .#
#.#######.##.#
...# .#
#....@....#..##..
#.#.
#.######..'...###
#.#. ##.#......
#.#.# #.# .....
#.. $.._ .... ...
...8. .. ...... #
#.....


There were no monsters in sight!

Vanquished Creatures
  A gnoll (D:1)
  An adder (D:2)
  A worm (D:2)
  A dart slug (D:1)
  5 ball pythons
  An endoplasm (D:1)
  A giant cockroach (D:2)
  2 hobgoblins (D:1)
  8 jackals (D:2)
  A quokka (D:2)
  2 bats (D:1)
  6 frilled lizards
  6 goblins
  7 kobolds
  4 rats
47 creatures vanquished.

Vanquished Creatures (others)
  327 foxfires
327 creatures vanquished.

Grand Total: 374 creatures vanquished

Notes
Turn   | Place    | Note
-------+----------+-------------------------------------------
     0 | D:1      | 101zpm the Djinni Fire Elementalist began the quest for the
                  | Orb.
     0 | D:1      | 101zpm set off with the following spells memorised:
                  | Foxfire, Scorch, Conjure Flame, Inner Flame, Flame Wave.
     0 | D:1      | Reached XP level 1. HP: 15/15 MP: 0/0
   277 | D:1      | Reached XP level 2. HP: 17/21 MP: 0/0
   569 | D:1      | Reached skill level 3 in Spellcasting
   569 | D:1      | Reached XP level 3. HP: 18/25 MP: 0/0
   569 | D:1      | Learned a level 1 spell: Sandblast
  1917 | D:2      | Reached XP level 4. HP: 15/31 MP: 0/0
  3569 | D:3      | Found a faded altar of an unknown god.
  3569 | D:3      | Noticed Sigmund
  3587 | D:3      | Slain by Sigmund

Illustrated notes

Levels and vault maps discovered:
D:1:      erik_arrival_orb_chamber, layout_basic
D:2:      layout_loops_ring
D:3:      layout_loops_ring, nicolae_overflow_ecumenical_swirl,
          ebering_ecumenical_altar_hall, kennysheep_pointless_box, uniq_sigmund,
          uniq_natasha, uniq_robin, uniq_grinder

Skill      XL: |  1  2  3  4 |
---------------+-------------+-----
Spellcasting   | 3 |  3.6
Stealth        | 2 |  2.0
Dodging        | |  2.4

Action                   |  1- 3 |  4- 6 || total
-------------------------+-------+-------++-------
 Cast: Foxfire           |   114 |    97 ||   211
Armor: Robe              |     3 |     3 ||     6
Dodge: Dodged            |     7 |     1 ||     8

Table legend: (Time is in decaauts)
 A = Elapsed time spent in this place.
 B = Non-inter-level travel time spent in this place.
 C = Inter-level travel time spent in this place.
 D = Time resting spent in this place.
 E = Time spent auto-exploring this place.
 F = Levels seen in this place.
 G = Mean time per level.
                   A        B        C        D        E       F      G
               +--------+--------+--------+--------+--------+-----+--------+
         Total |   3586 |   3529 |     57 |      0 |   3211 |   3 | 1195.3 |
       Dungeon |   3586 |   3529 |     57 |      0 |   3211 |   3 | 1195.3 |
               +--------+--------+--------+--------+--------+-----+--------+

Top non-repeatable levels by time:
     D:2: 1907 daAuts
     D:1: 1572 daAuts
     D:3: 106 daAuts
